 Dungeon Crawl Stone Soup version 0.22-a0-300-g82e80c5 (webtiles) character file.

1339 Firecrotchwizard the Cudgeler (level 8, -11/43 HPs)
             Began as a Vine Stalker Fighter on Mar 26, 2018.
             Was an Initiate of Ru.
             Killed from afar by an electric eel (13 damage)
             ... with a bolt of electricity
             ... on level 6 of the Dungeon.
             The game lasted 00:08:32 (5462 turns).

Firecrotchwizard the Cudgeler (VSFi)                Turns: 5462, Time: 00:08:33

Health: -11/43     AC: 18    Str: 21    XL:     8   Next: 61%
Magic:  0/9        EV:  5    Int: 10    God:    Ru [......]
Gold:   216        SH: 10    Dex: 14    Spells: 7/7 levels left

rFire    . . .     SeeInvis .   G - +2 flail (protect)
rCold    . . .     Gourm    .   c - +0 shield
rNeg     . . .     Faith    .   v - +1 chain mail {MR+}
rPois    +         Spirit   +   B - +0 hat
rElec    .         Reflect  .   (no cloak)
rCorr    .         Harm     .   (no gloves)
MR       ++...                  j - +1 pair of boots
Stlth    ..........             (no amulet)
HPRegen  0.54/turn              r - ring of poison resistance {rPois, !d}
MPRegen  0.11/turn              u - +2 ring of intelligence

@: protection aura
A: fangs 3, regeneration 1, magic shield, antimagic bite, no potion heal 3, rot
immunity
a: Renounce Religion


You were on level 6 of the Dungeon.
You worshipped Ru.
Ru was noncommittal.
You were not hungry.

You visited 2 branches of the dungeon, and saw 7 of its levels.
You also visited: Sewer.

You collected 216 gold pieces.

Inventory:

Hand Weapons
 a - a +0 flail
 h - a +0 dagger of venom
   (You took it off a goblin on level 1 of the Dungeon)
 F - a +0 dagger of freezing
   (You took it off an orc wizard on level 5 of the Dungeon)
 G - a +2 flail of protection (weapon)
   (You found it on level 5 of the Dungeon)
Armour
 b - a +0 scale mail
 c - a +0 shield (worn)
 j - a +1 pair of boots (worn)
   (You found it on level 1 of the Dungeon)
 v - a +1 chain mail of magic resistance (worn)
   (You took it off Ijyb on level 3 of the Dungeon)
 B - a +0 hat (worn)
   (You found it on level 4 of the Dungeon)
Jewellery
 r - a ring of poison resistance (left hand) {rPois, !d}
   (You found it on level 3 of the Dungeon)
 u - a +2 ring of intelligence (right hand)
   (You found it on level 3 of the Dungeon)
Wands
 s - a wand of iceblast (5)
   (You found it on level 3 of the Dungeon)
 w - a wand of disintegration (15) {@e1}
   (You took it off Ijyb on level 3 of the Dungeon)
Scrolls
 e - 3 scrolls of identify
 i - 2 scrolls of teleportation
 k - a scroll of fog {unknown}
 m - a scroll of magic mapping {unknown}
 n - a scroll of immolation {unknown}
 o - a scroll of remove curse
 q - a scroll of noise {unknown}
 x - 2 scrolls of blinking {unknown}
 y - a scroll of amnesia {unknown}
 A - a scroll of random uselessness {unknown}
Potions
 d - 3 potions of might
 g - 4 potions of curing {unknown}
 l - 2 potions of berserk rage {unknown}
 p - a potion of agility {unknown}
 t - 3 potions of flight {unknown}
 z - a potion of cancellation {unknown}
 C - 3 potions of invisibility {unknown}
 D - 2 potions of degeneration {unknown}
 H - a potion of resistance {unknown}
Comestibles
 f - 8 rations {@e1}


   Skills:
 + Level 5.3 Fighting
 * Level 6.8 Maces & Flails
 - Level 2.4 Armour
 + Level 5.3 Shields


You had 7 spell levels left.
You didn't know any spells.

Dungeon Overview and Level Annotations

Branches:
Dungeon (6/15)             Temple (1/1) D:4

Altars:
Ashenzari
Cheibriados
Dithmenos
Elyvilon
Fedhas
Gozag
Hepliaklqana
Kikubaaqudgha
Makhleb
Qazlal
Ru
Sif Muna
Trog
Uskayaw
Wu Jian
Xom
Yredelemnul
The Shining One

Annotations:
D:2 1 runed door


Innate Abilities, Weirdness & Mutations

You have razor-sharp teeth.
Your natural rate of healing is unusually fast.
When hurt, damage is shared between your health and your magic reserves.
Your bite disrupts and absorbs the magic of your enemies.
Potions cannot restore your health.
You are immune to rotting.


Message History

You hit the dart slug.
You bite the dart slug, but do no damage.
The dart slug launches a dart at you. You block the slug dart.
You hit the dart slug. The dart slug barely misses you.
You thump the dart slug!
You kill the dart slug!
You see here a dart slug corpse.
You butcher the dart slug corpse.
E - 2 chunks of flesh {@w0} (gained 1)
H - a white potion A dart slug comes into view.
You enter the shallow water.
Moving in this stuff is going to be slow.
The dart slug launches a dart at you. The slug dart hits you!
You take 2 damage, and have 41/43 hp.
You now have 8/9 mp.
You start resting.
Health restored: 43 You block the dart slug's attack.
You hit the dart slug.
Your weapon exudes an aura of protection.
You bite the dart slug. You drain its power.
You feel invigorated.
MP restored: 9 You hit the dart slug.
The dart slug launches a dart at you. The slug dart hits you!
You sock the dart slug!
You kill the dart slug!
Some of the chunks of flesh in your inventory have rotted away.
You enter the shallow water.
Moving in this stuff is going to be slow.
An electric eel comes into view.
The electric eel shoots out a bolt of lightning at you!
The bolt of electricity hits you!
You take 12 damage, and have 31/43 hp.
MASSIVE DAMAGE!!
You now have 7/9 mp.
You start resting.
You regained 2 hp, and now have 34/43 hp.
The electric eel shoots out a bolt of lightning at you!
The bolt of electricity hits you!
You take 6 damage, and have 28/43 hp.
You now have 6/9 mp.
You hit the electric eel.
Your weapon exudes an aura of protection.
Your bite misses the electric eel. You hit the electric eel.
You bite the electric eel, but do no damage.
The electric eel shoots out a bolt of lightning at you!
The bolt of electricity hits you! x2
The bolt of electricity hits the electric eel.
The electric eel completely resists.
You take 10 damage, and have 19/43 hp.
MASSIVE DAMAGE!!
You now have 4/9 mp.
You closely miss the electric eel. You hit the electric eel.
Your bite misses the electric eel. You hit the electric eel.
Your bite misses the electric eel.
The electric eel shoots out a bolt of lightning at you!
The bolt of electricity hits you! The bolt of electricity misses you.
The bolt of electricity hits the electric eel.
The electric eel completely resists.
You take 3 damage, and have 18/43 hp.
You thump the electric eel!
You kill the electric eel!
You start resting.
Eating a chunk of flesh {@w0}.
You eat the chunk of flesh {@w0}.
You regained 11 hp, and now have 30/43 hp.
You regained 2 mp, and now have 7/9 mp.
You start resting.
Health restored: 43; MP restored: 9 You start waiting.
You start waiting.
The electric eel shoots out a bolt of lightning at you!
The bolt of electricity hits you!
You take 6 damage, and have 37/43 hp.
You now have 8/9 mp.
You closely miss the electric eel. Your bite misses the electric eel.
The electric eel shoots out a bolt of lightning at you!
The bolt of electricity hits you! x2
The bolt of electricity hits the electric eel.
The electric eel completely resists.
You take 14 damage, and have 24/43 hp.
MASSIVE DAMAGE!!
You now have 5/9 mp.
You closely miss the electric eel.
The electric eel shoots out a bolt of lightning at you!
The bolt of electricity hits you! x2
* * * LOW HITPOINT WARNING * * *
The bolt of electricity hits the electric eel.
The electric eel completely resists.
You take 15 damage, and have 9/43 hp.
MASSIVE DAMAGE!!
You now have 3/9 mp.
You hit the electric eel but do no damage.
Your weapon exudes an aura of protection.
The electric eel shoots out a bolt of lightning at you!
The bolt of electricity hits you!
* * * LOW HITPOINT WARNING * * *
The bolt of electricity hits you!
You die...

..## .....
#.........####### #.
#.........##....###.....
.......................
...........#...##....##.
.<...........#..##≈≈.≈≈.
.............###@;≈≈≈≈≈≈
.............##≈≈≈≈≈≈≈≈≈
..>..........#≈≈≈≈#≈..≈≈
#####.......#.≈≈≈≈≈...≈≈
##........#≈≈≈≈≈≈≈$.≈≈
+...._....≈≈≈#≈≈≈≈.≈#≈
##........≈≈≈≈≈≈#..)
#.........≈≈≈≈≈≈.<.≈
#..##....≈≈#≈≈≈≈...


You could see an electric eel.

Vanquished Creatures
  An ice beast (D:6)
  2 ogres (D:5)
  A centaur (D:3)
  A big kobold (Sewer)
  A bullfrog (D:6)
  A scorpion (D:5)
  A howler monkey (D:4)
  An electric eel (D:6)
  2 crimson imps
  2 hounds
  An orc priest (D:5)
  2 orc wizards (D:5)
  Ijyb (D:3)
  Natasha (thrice) (D:3)
  3 worker ants (D:4)
  A howler monkey zombie (D:5)
  5 adders
  8 gnolls
  2 river rats (Sewer)
  A white imp (D:4)
  2 adder skeletons
  2 adder zombies
  2 worms
  4 dart slugs
  5 leopard geckos
  17 orcs
  A ball python (D:2)
  10 bats
  4 giant cockroaches
  10 goblins
  10 hobgoblins
  16 jackals
  2 quokkas
  6 frilled lizards
  16 kobolds
  A quokka zombie (D:5)
  33 rats
181 creatures vanquished.

Vanquished Creatures (others)
  2 dart slugs (D:6)
2 creatures vanquished.

Grand Total: 183 creatures vanquished

Notes
Turn   | Place    | Note
-------+----------+-------------------------------------------
     0 | D:1      | Firecrotchwizard the Vine Stalker Fighter began the quest for the Orb.
     0 | D:1      | Reached XP level 1. HP: 11/11 MP: 2/2
    72 | D:1      | Reached skill level 2 in Maces & Flails
   206 | D:1      | Reached XP level 2. HP: 16/16 MP: 3/3
   657 | D:1      | Reached skill level 3 in Shields
   657 | D:1      | Reached XP level 3. HP: 18/19 MP: 4/4
   726 | D:1      | Reached skill level 3 in Fighting
  1017 | D:2      | HP: 5/20 [gnoll (2)]
  1025 | D:2      | HP: 4/20 [gnoll (1)]
  1028 | D:2      | Reached skill level 3 in Maces & Flails
  1028 | D:2      | Gained mutation: Your natural rate of healing is unusually fast. [Vine Stalker growth]
  1028 | D:2      | Reached XP level 4. HP: 4/24 MP: 3/5
  1675 | D:2      | Found a runed door.
  1897 | D:2      | Reached XP level 5. HP: 28/28 MP: 6/6
  2407 | D:3      | Noticed Natasha
  2411 | D:3      | Killed Natasha
  2494 | D:3      | Noticed a centaur
  2505 | D:3      | Killed a centaur
  2505 | D:3      | Reached skill level 4 in Maces & Flails
  2505 | D:3      | Reached XP level 6. HP: 16/33 MP: 5/7
  2595 | D:3      | Noticed Ijyb
  2605 | D:3      | Killed Ijyb
  2671 | D:3      | Found a glowing drain.
  2713 | Sewer    | Entered a sewer
  2948 | Sewer    | Reached skill level 4 in Fighting
  2948 | Sewer    | Reached skill level 4 in Shields
  2969 | Sewer    | Found a white marble altar of Elyvilon.
  3072 | D:3      | Noticed Natasha
  3080 | D:3      | Killed Natasha
  3143 | D:3      | Noticed Natasha
  3149 | D:3      | Killed Natasha
  3221 | D:4      | Reached XP level 7. HP: 35/37 MP: 8/8
  3308 | D:4      | Reached skill level 5 in Maces & Flails
  3329 | D:4      | Found a shadowy altar of Dithmenos.
  3550 | D:4      | Found a staircase to the Ecumenical Temple.
  3594 | D:4      | Found an ancient bone altar of Kikubaaqudgha.
  3858 | D:5      | Entered Level 5 of the Dungeon
  3938 | Temple   | Entered the Ecumenical Temple
  3955 | Temple   | Became a worshipper of Ru the Awakened
  4281 | D:5      | Gained mutation: You have razor-sharp teeth. [Vine Stalker growth]
  4281 | D:5      | Reached XP level 8. HP: 40/42 MP: 9/9
  4312 | D:5      | Found a basalt altar of Yredelemnul.
  4335 | D:5      | Reached skill level 6 in Maces & Flails
  4438 | D:5      | HP: 7/42 [ogre/giant spiked club (18)]
  4498 | D:5      | Reached skill level 5 in Fighting
  4498 | D:5      | Reached skill level 5 in Shields
  5292 | D:6      | Found a hazy altar of Hepliaklqana.
  5461 | D:6      | HP: 9/43 [electric eel/bolt of electricity (8)]
  5462 | D:6      | HP: 2/43 [electric eel/bolt of electricity (7)]
  5462 | D:6      | Killed from afar by an electric eel

Vault maps used:
D:1:      lemuel_arrival_room
D:2:      minivault_24, hangedman_decor_growths, minmay_rat_hole,
          uniq_crazy_yiuf_cottage
D:3:      gup_sewer_entry_glass, glass_columns_a, uniq_natasha, uniq_ijyb
D:4:      lemuel_crystal_altar, kennysheep_little_box,
          minmay_temple_entry_from_below_b, first_ration, minmay_fire_ice_demons
D:5:      lemuel_round_altar, water_boxes_lemuel
D:6:      kennysheep_slugbush, kennysheep_okawaru_gauntlet, serial_shops,
          nicolae_shop_crystal, basic_altar
Temple:   minmay_freezing_vapour_temple
Sewer:    sewer_kobolds

Skill      XL: |  1  2  3  4  5  6  7  8 |
---------------+-------------------------+-----
Maces & Flails | 2 3 4 5 6 |  6.8
Shields        | 3 4 5 |  5.3
Fighting       | 3 4 5 |  5.3
Armour         | |  2.4

Action                   |  1- 3 |  4- 6 |  7- 9 || total
-------------------------+-------+-------+-------++-------
Melee: Flail             |    96 |   228 |   246 ||   570
       Bite              |    21 |    62 |    76 ||   159
  Use: Scroll            |       |       |     4 ||     4
  Eat: Chunk             |       |     8 |     8 ||    16
Armor: Scale mail        |    48 |    71 |       ||   119
       Chain mail        |       |    33 |   119 ||   152
Dodge: Dodged            |    19 |    59 |    45 ||   123
Block: Shield            |    46 |   137 |   131 ||   314

Table legend:
 A = Spawn XP
 B = Non-spawn XP
 C = Spawn XP percentage of total XP
 D = Spawn monster count
 E = Non-spawn monster count
 F = Spawn count percentage of total count
 G = Total turns spent on level
                    A         B        C        D         E        F      G
               +---------+---------+-------+---------+---------+-------+---------
         Total |       0 |    1914 |   0.0 |       0 |     181 |   0.0 |  5462
               +---------+---------+-------+---------+---------+-------+---------
           D:1 |       0 |      44 |   0.0 |       0 |      28 |   0.0 |   908
           D:2 |       0 |     122 |   0.0 |       0 |      47 |   0.0 |  1276
           D:3 |       0 |     303 |   0.0 |       0 |      25 |   0.0 |   730
           D:4 |       0 |     325 |   0.0 |       0 |      22 |   0.0 |   666
           D:5 |       0 |     637 |   0.0 |       0 |      38 |   0.0 |  1068
           D:6 |       0 |     347 |   0.0 |       0 |      11 |   0.0 |   490
         Sewer |       0 |     136 |   0.0 |       0 |      10 |   0.0 |   301
               +---------+---------+-------+---------+---------+-------+---------

Vault maps used:
D:1:      lemuel_arrival_room
D:2:      minivault_24, hangedman_decor_growths, minmay_rat_hole,
          uniq_crazy_yiuf_cottage
D:3:      gup_sewer_entry_glass, glass_columns_a, uniq_natasha, uniq_ijyb
D:4:      lemuel_crystal_altar, kennysheep_little_box,
          minmay_temple_entry_from_below_b, first_ration, minmay_fire_ice_demons
D:5:      lemuel_round_altar, water_boxes_lemuel
D:6:      kennysheep_slugbush, kennysheep_okawaru_gauntlet, serial_shops,
          nicolae_shop_crystal, basic_altar
Temple:   minmay_freezing_vapour_temple
Sewer:    sewer_kobolds

Table legend:
 A = Turns spent in this place as a percentage of turns spent in the entire game.
 B = Non-inter-level travel turns spent in this place as a percentage of non-inter-level travel turns spent in the entire game.
 C = Inter-level travel turns spent in this place as a percentage of turns spent in this place.
 D = Turns resting spent in this place as a percentage of non-inter-level travel turns spent in this place.
 E = Turns spent auto-exploring this place as a percentage of non-inter-level travel turns spent in this place.
 F = Non-inter-level travel turns spent in this place divided by the number of levels of this place that you've seen.
                   A       B       C       D       E      F
               +-------+-------+-------+-------+-------+----------------------
         Total | 100.0 | 100.0 |   2.3 |  15.6 |  62.3 | 667.1
       Dungeon |  94.1 |  93.9 |   2.4 |  13.6 |  64.2 | 835.5
        Temple |   0.4 |   0.4 |   0.0 |   0.0 |  43.5 |  23.0
         Sewer |   5.5 |   5.6 |   0.0 |  49.8 |  31.9 | 301.0
               +-------+-------+-------+-------+-------+----------------------

Table legend:
 A = Kills in this place as a percentage of kills in entire the game.
 B = Kills by you in this place as a percentage of kills by you in the entire game.
 C = Kills by friends in this place as a percentage of kills by friends in the entire game.
 D = Other kills in this place as a percentage of other kills in the entire game.
 E = Experience gained in this place as a percentage of experience gained in the entire game.
 F = Experience gained in this place divided by the number of levels of this place that you have seen.
                   A       B       C       D       E      F
               +-------+-------+-------+-------+-------+----------------------
         Total | 100.0 | 100.0 |   N/A |   N/A | 100.0 | 239.2
       Dungeon |  94.5 |  94.5 |   N/A |   N/A |  92.9 | 296.3
         Sewer |   5.5 |   5.5 |   N/A |   N/A |   7.1 | 136.0
               +-------+-------+-------+-------+-------+----------------------
